 Dungeon Crawl Stone Soup version 0.20.1-1-g8b1a95d (webtiles) character file.

128748 spiff the Brawler (level 16, -7/162 HPs)
             Began as a Troll Hunter on July 18, 2017.
             Was an Elder of Ru.
             Mangled by a jumping spider (16 damage)
             ... on level 1 of the Spider Nest.
             The game lasted 01:24:58 (22186 turns).

spiff the Brawler (Troll Hunter)                   Turns: 22186, Time: 01:24:59

Health: -7/162     AC: 12    Str: 24    XL:     16   Next: 49%
Magic:  20/24      EV:  8    Int:  7    God:    Ru [****..]
Gold:   2179       SH:  0    Dex: 15    Spells: 18/27 levels left

rFire    x . .     SeeInvis .     - Unarmed
rCold    + . .     Gourm    +   D - +1 shield of Wahir {Regen+}
rNeg     . . .     Faith    .   r - +3 robe of Sealiv {rC+ Regen+}
rPois    +         Spirit   .   (helmet restricted)
rElec    .         Reflect  .   N - +2 cloak {rC+}
rCorr    .         Harm     .   (gloves unavailable)
MR       +....                  (boots unavailable)
Stlth    ++........             l - amulet of regeneration
Regen    2.0/turn               E - +5 ring of slaying
MPRegen  0.2/turn               z - ring of poison resistance

@: lethally poisoned (-7 -> -7), exhausted, held
A: unfitting armour, claws 3, talons 1, repulsion field 1, rugged brown scales
1, fast metabolism 3, gourmand, regeneration 1, shaggy fur 1, tough skin 2,
inability to use devices, MP-powered wands, temperature sensitive
a: Draw Out Power, Power Leap, Renounce Religion


You were on level 1 of the Spider Nest.
You worshipped Ru.
Ru was greatly pleased with you.
You were completely stuffed.

You visited 4 branches of the dungeon, and saw 24 of its levels.
You also visited: Ossuary, Bailey and Ice Cave.

You collected 3283 gold pieces.
You spent 1104 gold pieces at shops.

Inventory:

Missiles
 a - 21 tomahawks (quivered)
 d - 3 throwing nets
 y - 47 tomahawks of returning
 L - 21 large rocks
 U - 3 tomahawks of dispersal
Armour
 b - a +2 robe of the Archmagi
 c - a +2 robe of magic resistance
 r - the +3 robe of Sealiv (worn) {rC+ Regen+}
   (You bought it in a shop on level 13 of the Dungeon)

   It protects you from cold.
   It increases your rate of regeneration.
 D - the +1 shield of Wahir (worn) {Regen+}
   (You acquired it on level 1 of the Lair of Beasts)

   It increases your rate of regeneration.
 N - a +2 cloak of cold resistance (worn)
Jewellery
 l - an amulet of regeneration (around neck)
 z - a ring of poison resistance (right claw)
 E - a +5 ring of slaying (left claw)
 Q - an uncursed ring of see invisible
Scrolls
 e - a scroll of identify
 g - 2 scrolls of fear
 m - 2 scrolls of fog
 n - 7 scrolls of teleportation
 u - 2 scrolls of immolation
 C - 4 scrolls of amnesia
 S - 2 scrolls of remove curse
 W - a scroll of blinking
 X - 4 scrolls of magic mapping
Potions
 j - 3 potions of heal wounds
 k - 11 potions of curing
 q - 2 potions of berserk rage
 s - 6 potions of flight
 t - 2 potions of resistance
 v - 5 potions of lignification
 w - 7 potions of might
 x - 4 potions of brilliance
 A - 2 potions of ambrosia
 H - a potion of invisibility
 I - 5 potions of haste
 K - 3 potions of magic
 M - 3 potions of agility
 T - 2 potions of cancellation
Comestibles
 f - 13 bread rations
 h - 3 chunks of flesh


   Skills:
 - Level 10.0 Fighting
 - Level 10.8 Throwing
 - Level 6.0 Dodging
 - Level 0.3 Stealth
 - Level 9.2 Shields
 + Level 17.0 Unarmed Combat
 - Level 6.1 Spellcasting
 - Level 5.0 Charms
 + Level 6.0 Necromancy


You had 18 spell levels left.
You knew the following spells:

 Your Spells              Type           Power        Failure   Level  Hunger
a - Regeneration          Chrm/Necr      #.........   8%          3    ###....
b - Animate Skeleton      Necr           N/A          1%          1    #......
c - Cigotuvi's Embrace    Necr           ##........   50%         5    ######.


Dungeon Overview and Level Annotations

Branches:
Dungeon (15/15)            Temple (0/1) D:5            Lair (6/6) D:10
 Shoals (0/4) Lair:4       Spider (1/4) Lair:4        Slime (0/5) Lair:5
    Orc (2/2) D:9             Elf (0/3) Orc:2        Vaults (0/5) D:14
 Depths (0/5) D:15

Altars:
Fedhas
Hepliaklqana
Makhleb
Okawaru
Ru
Yredelemnul
The Shining One

Shops:
D:6 }   D:9 =   D:13 :[[}:   Orc:2 *!?%

Annotations:
D:10 exclusion: 2 doors
Lair:5 exclusion: 4 oklob plants


Innate Abilities, Weirdness & Mutations

You are too large for most types of armour.
You have claws for hands.
Your metabolism is lightning-fast.
You like to eat raw meat.
Your natural rate of healing is unusually fast.
You are covered in fur. (AC +1)
You have very tough skin. (AC +2)
You cannot study or use magical devices.
You are sensitive to extremes of temperature. (rF-, rC-)
You have sharp toenails.
You are surrounded by a mild repulsion field. (EV +2)
You are partially covered in rugged brown scales. (AC +1, +3% HP)
You expend magic power (3 MP) to strengthen your wands.


Message History

The demonic crawler hits you.
* * * LOW HITPOINT WARNING * * *
The demonic crawler barely misses you. The demonic crawler hits you.
* * * LOW HITPOINT WARNING * * *
Okay, then.
You feel much better. The wolf spider hits you!
* * * LOW HITPOINT WARNING * * *
The wolf spider bites you.
* * * LOW HITPOINT WARNING * * *
The jumping spider pounces on you!
* * * LOW HITPOINT WARNING * * *
You focus your will and slow the jumping spider in retribution!
The jumping spider barely misses you. The demonic crawler closely misses you.
The demonic crawler hits you but does no damage. x3
The demonic crawler barely misses you. The demonic crawler hits you.
* * * LOW HITPOINT WARNING * * *
The wolf spider hits you!
* * * LOW HITPOINT WARNING * * *
The wolf spider barely misses you. The jumping spider pounces on you!
You die...

.....# $...§.^..........#
.##.#### .....s...........#
#####..##### ..................
.#.........##.........†........
.##.........#....####..........
..#...###..##. ##..##.........
..##....##..#####....#.......#
####....#.....#..s..##^.....##
#......##.......@s###†......#
....#.####.#....ss#........##
...#### ####......s........#
..## ###..........#.## ###
##############


You could see 2 demonic crawlers, a wolf spider, an orb spider and a jumping
spider (blind).

Vanquished Creatures
  A bone dragon (D:12)
  Rupert (Lair:3)
  A frost giant (IceCv)
  A stone giant (Orc:1)
  The ghost of poirepourri the Unseen, an adept SpEn of Dithmenos (Spider:1)
  A dire elephant (Lair:6)
  Azrael (Orc:2)
  Josephine (D:14)
  Erolcha (Orc:2)
  8 hydras
  7 two-headed ogres
  3 centaur warriors
  2 dancing weapons (D:14)
  An ogre mage (D:15)
  A catoblepas (Lair:6)
  9 death yaks (Lair:6)
  3 orc high priests (Orc:2)
  The ghost of Rhok the Cleaver, a novice MiFi of Makhleb (D:7)
  Nergalle (D:12)
  The ghost of Baril the Thaumaturge, a novice DESu of Sif Muna (D:8)
  4 skeletal warriors (D:14)
  3 wizards (D:15)
  4 lindwurms
  5 orc knights
  An orb spider (shapeshifter) (D:15)
  8 wolf spiders (Spider:1)
  2 orb spiders (Spider:1)
  3 cyclopes
  2 deep elf magi
  7 ugly things
  5 orc sorcerers
  Maurice (D:12)
  18 elephants
  A manticore (D:13)
  A moth of wrath (Spider:1)
  5 black mambas
  Joseph (Lair:1)
  12 spiny frogs
  2 demonic crawlers (Spider:1)
  A gargoyle (D:14)
  A torpor snail (Lair:6)
  2 kobold demonologists
  A redback zombie (D:12)
  4 rime drakes
  A freezing wraith (D:13)
  8 komodo dragons
  8 centaur skeletons
  A yaktaur (D:15)
  2 ice devils (Lair:2)
  9 trolls
  9 jumping spiders (Spider:1)
  15 polar bears
  A hornet (D:4)
  10 blink frogs
  14 hippogriffs
  4 slime creatures
  19 dream sheep
  A harpy skeleton (D:12)
  A centaur simulacrum (D:14)
  13 redbacks (Spider:1)
  A shadow (D:14)
  Sigmund (D:2)
  2 vampires
  5 wraiths
  Eustachio (D:4)
  3 tarantellas (Spider:1)
  4 wyverns
  71 yaks
  A basilisk (Lair:6)
  A vampire mosquito (D:13)
  3 fire elementals
  A hungry ghost (D:14)
  Menkaure (D:5)
  A steam dragon (Lair:2)
  3 wargs
  5 acid dragons
  15 water moccasins
  Duvessa (D:6)
  12 porcupines
  3 hell hounds
  3 hornet zombies
  5 ice beasts
  27 orc warriors
  4 sky beasts
  6 black bears
  5 phantoms
  8 ogres
  2 eyes of draining
  A necrophage (D:7)
  4 boggarts (Lair:6)
  A wolf (shapeshifter) (D:13)
  10 centaurs
  21 wolves
  8 crocodiles
  5 big kobolds
  25 bullfrogs
  Dowan (D:6)
  4 water moccasin zombies (Ossuary)
  12 scorpions
  2 wyvern skeletons
  7 wights
  12 killer bees
  A troll zombie (D:9)
  6 howler monkeys
  6 crimson imps
  11 centaur zombies
  2 hounds (D:10)
  A quasit (D:7)
  18 orc priests
  A jelly (D:5)
  17 orc wizards
  3 iguanas
  Natasha (thrice) (D:2)
  9 worker ants
  A killer bee zombie (D:6)
  5 ogre zombies (D:9)
  3 big kobold zombies (Ossuary)
  A hound skeleton (D:7)
  2 mummies (Ossuary)
  2 worker ant zombies
  A howler monkey skeleton (D:6)
  12 gnolls
  11 adders
  3 shadow imps
  An ooze (D:2)
  7 adder zombies
  3 worms
  3 dart slugs
  7 leopard geckos
  68 orcs
  6 bats
  6 giant cockroaches
  5 gnoll zombies
  12 goblins
  9 hobgoblins
  29 kobolds
  A quokka (D:6)
  A ball python (D:4)
  3 frilled lizards
  2 goblin skeletons (D:9)
  2 goblin zombies (D:9)
  6 hobgoblin zombies
  7 kobold zombies (Ossuary)
  A leopard gecko zombie (D:6)
  2 orc skeletons (D:9)
  14 orc zombies
  6 rats
884 creatures vanquished.

Vanquished Creatures (collateral kills)
  An unseen horror (D:13)
  An orc sorcerer (D:15)
  A centaur (D:11)
  A killer bee (D:13)
  An orc (D:12)
5 creatures vanquished.

Vanquished Creatures (others)
  A hydra (D:12)
  An ugly thing (D:13)
  A gargoyle (D:12)
  A centaur skeleton (D:12)
  A troll (Orc:2)
  A vampire (D:15)
  A big kobold (D:12)
  A wight (D:12)
  An orc wizard (Orc:2)
  An orc (D:11)
  16 fungi
  2 plants
  8 toadstools (Lair:2)
36 creatures vanquished.

Grand Total: 925 creatures vanquished

Notes
Turn   | Place    | Note
-------+----------+-------------------------------------------
     0 | D:1      | spiff the Troll Hunter began the quest for the Orb.
     0 | D:1      | Reached XP level 1. HP: 19/19 MP: 0/0
    81 | D:1      | Reached skill level 1 in Unarmed Combat
   420 | D:1      | Reached XP level 2. HP: 27/27 MP: 1/1
   687 | D:2      | Reached skill level 2 in Unarmed Combat
   753 | D:2      | Reached XP level 3. HP: 33/33 MP: 2/2
   756 | D:2      | Noticed Sigmund
   770 | D:2      | Killed Sigmund
   770 | D:2      | Reached skill level 5 in Unarmed Combat
   770 | D:2      | Reached XP level 4. HP: 41/41 MP: 3/3
   770 | D:2      | Reached XP level 5. HP: 48/48 MP: 4/4
   836 | D:2      | Noticed Natasha
   845 | D:2      | Killed Natasha
   892 | D:2      | Found a sacrificial altar of Ru.
   922 | D:2      | Noticed Natasha
   927 | D:2      | Killed Natasha
   944 | D:2      | Noticed Natasha
   954 | D:2      | Killed Natasha
  1176 | D:3      | Reached XP level 6. HP: 55/55 MP: 5/5
  1207 | D:3      | Reached skill level 6 in Unarmed Combat
  1555 | D:3      | Reached skill level 1 in Shields
  2029 | D:4      | Noticed Eustachio
  2079 | D:4      | Killed Eustachio
  2079 | D:4      | Reached skill level 7 in Unarmed Combat
  2079 | D:4      | Reached XP level 7. HP: 58/62 MP: 6/6
  2348 | D:4      | Found a blossoming altar of Fedhas.
  2375 | D:4      | Noticed a hornet
  2385 | D:4      | Killed a hornet
  2824 | D:5      | Entered Level 5 of the Dungeon
  2835 | D:4      | Reached XP level 8. HP: 66/70 MP: 7/7
  2840 | D:4      | Gained mutation: Your body sometimes deteriorates upon taking damage. [mutagenic meat]
  2841 | D:4      | Gained mutation: You have an increased reservoir of magic. (+10% MP) [mutagenic meat]
  2842 | D:4      | Gained mutation: You are resistant to electric shocks. (rElec) [mutagenic meat]
  2843 | D:4      | Gained mutation: You expend magic power (3 MP) to strengthen your wands. [mutagenic meat]
  2844 | D:4      | Lost mutation: You are resistant to electric shocks. (rElec) [mutagenic meat]
  2845 | D:4      | Gained mutation: You possess an exceptional clarity of mind. [mutagenic meat]
  2894 | D:5      | Reached skill level 8 in Unarmed Combat
  3194 | D:5      | Noticed Menkaure
  3204 | D:5      | Killed Menkaure
  3216 | D:5      | Found a basalt altar of Yredelemnul.
  3304 | D:5      | Found a hazy altar of Hepliaklqana.
  3307 | D:5      | Found a staircase to the Ecumenical Temple.
  3493 | D:6      | Found a sand-covered staircase.
  3496 | D:6      | Noticed Dowan
  3500 | D:6      | Noticed Duvessa
  3515 | D:6      | Killed Duvessa
  3515 | D:6      | Reached skill level 5 in Shields
  3517 | D:6      | Killed Dowan
  3517 | D:6      | Reached skill level 9 in Unarmed Combat
  3529 | Ossuary  | Entered an ossuary
  3728 | Ossuary  | Reached XP level 9. HP: 78/79 MP: 8/8
  3802 | D:6      | Found Beil's Gadget Shoppe.
  3988 | D:6      | Found a burning altar of Makhleb.
  3991 | D:6      | Noticed a green death
  4008 | D:6      | Noticed a smoke demon
  4008 | D:6      | Noticed an orange demon
  4228 | D:7      | Noticed Rhok's ghost (novice MiFi)
  4470 | D:7      | Noticed a deep elf mage
  4488 | D:7      | Killed a deep elf mage
  4580 | D:7      | Reached skill level 10 in Unarmed Combat
  4592 | D:7      | Found a flagged portal.
  4597 | Bailey   | Entered a bailey
  4944 | D:7      | You fall through a shaft for 3 floors!
  4944 | D:10     | Entered Level 10 of the Dungeon
  4975 | D:10     | Noticed a komodo dragon
  4992 | D:10     | Killed a komodo dragon
  4992 | D:10     | Reached XP level 10. HP: 65/92 MP: 10/10
  5578 | D:8      | Noticed Baril's ghost (novice DESu)
  5656 | D:8      | Killed Baril's ghost
  5816 | D:7      | Killed Rhok's ghost
  5816 | D:7      | Reached skill level 5 in Fighting
  5927 | D:7      | Reached skill level 5 in Throwing
  6457 | D:9      | Gained mutation: You are dopey. (Int -2) [mutagenic meat]
  6459 | D:9      | Gained mutation: You are surrounded by a mild repulsion field. (EV +2) [mutagenic meat]
  6461 | D:9      | Lost mutation: You possess an exceptional clarity of mind. [mutagenic meat]
  6476 | D:9      | Reached skill level 5 in Dodging
  6623 | D:9      | Reached XP level 11. HP: 103/104 MP: 11/11
  6647 | D:9      | Found a staircase to the Orcish Mines.
  6681 | D:9      | Reached skill level 11 in Unarmed Combat
  6755 | D:9      | Found Ullyemat's Jewellery Emporium.
  6758 | D:9      | Bought the ring "Lacre" {+Fly rC+ MR+ Int+4} for 673 gold pieces
  7258 | D:10     | Found a staircase to the Lair.
  7565 | D:10     | Found an iron altar of Okawaru.
  7837 | D:10     | Noticed a three-headed hydra
  7911 | D:10     | Killed a six-headed hydra
  7996 | Lair:1   | Entered Level 1 of the Lair of Beasts
  8215 | Lair:1   | Noticed a six-headed hydra
  8242 | Lair:1   | Killed a six-headed hydra
  8333 | Lair:1   | Noticed Joseph
  8346 | Lair:1   | Killed Joseph
  8438 | Lair:1   | Identified a scroll of acquirement
  8439 | Lair:1   | Got a polished shield
  8450 | Lair:1   | Identified the +1 shield of Wahir {Regen+} (You acquired it on level 1 of the Lair of Beasts)
  8746 | Lair:1   | Reached XP level 12. HP: 115/115 MP: 12/12
  8973 | Lair:2   | Found a frozen archway.
  8995 | IceCv    | Entered an ice cave
  9111 | IceCv    | Reached skill level 12 in Unarmed Combat
  9236 | IceCv    | Noticed a frost giant
  9267 | IceCv    | Killed a frost giant
 10199 | Lair:2   | Noticed a five-headed hydra
 10223 | Lair:2   | Killed a five-headed hydra
 10277 | Lair:2   | Reached XP level 13. HP: 127/127 MP: 13/13
 10288 | Lair:2   | Learned a level 3 spell: Regeneration
 10290 | Lair:2   | Learned a level 1 spell: Animate Skeleton
 10539 | Lair:2   | Found a runed door.
 10674 | Lair:2   | Reached skill level 13 in Unarmed Combat
 11084 | Lair:3   | Noticed Rupert
 11823 | Lair:4   | Lost mutation: You are dopey. (Int -2) [potion of mutation]
 11823 | Lair:4   | Lost mutation: You have an increased reservoir of magic. (+10% MP) [potion of mutation]
 11823 | Lair:4   | Lost mutation: Your body sometimes deteriorates upon taking damage. [potion of mutation]
 11823 | Lair:4   | Gained mutation: You have sharp toenails. [potion of mutation]
 11823 | Lair:4   | Gained mutation: You are partially covered in rugged brown scales. (AC +1, +3% HP) [potion of mutation]
 11969 | Lair:4   | Found a hole to the Spider Nest.
 12085 | Lair:4   | Found a staircase to the Shoals.
 12401 | Lair:5   | Reached skill level 10 in Throwing
 12774 | Lair:5   | Found a staircase to the Slime Pits.
 13204 | D:2      | Became a worshipper of Ru the Awakened
 13511 | Lair:6   | Entered Level 6 of the Lair of Beasts
 13718 | Lair:3   | Paralysed by Rupert for 2 turns
 13726 | Lair:3   | Killed Rupert
 13726 | Lair:3   | Reached skill level 14 in Unarmed Combat
 14031 | Lair:6   | Reached XP level 14. HP: 135/144 MP: 13/13
 14427 | Lair:6   | Reached skill level 10 in Fighting
 14547 | Lair:5   | Gained mutation: You cannot study or use magical devices. [Ru sacrifice]
 14547 | Lair:5   | Reached * piety under Ru
 14547 | Lair:5   | Reached ** piety under Ru
 14741 | Lair:6   | Reached skill level 1 in Spellcasting
 14741 | Lair:6   | Reached skill level 1 in Necromancy
 15694 | Orc:1    | Entered Level 1 of the Orcish Mines
 15707 | Orc:1    | Reached skill level 15 in Unarmed Combat
 15751 | Orc:1    | Noticed a stone giant
 15759 | Orc:1    | Killed a stone giant
 16181 | Orc:2    | Entered Level 2 of the Orcish Mines
 16200 | Orc:2    | Noticed Azrael
 16300 | Orc:2    | Killed Azrael
 16466 | Orc:2    | Found a staircase to the Elven Halls.
 16525 | Orc:2    | Noticed Erolcha
 16550 | Orc:2    | Killed Erolcha
 16590 | Orc:2    | Gained mutation: You are sensitive to extremes of temperature. (rF-, rC-) [Ru sacrifice]
 16590 | Orc:2    | Reached *** piety under Ru
 16590 | Orc:2    | Reached **** piety under Ru
 16614 | Orc:2    | Found Imour's Food Shop.
 16686 | Orc:1    | Reached XP level 15. HP: 153/153 MP: 19/19
 16899 | Orc:2    | Paralysed by an orc sorcerer for 4 turns
 16975 | Orc:2    | Reached skill level 5 in Necromancy
 17248 | Orc:2    | Found Ockir's Magic Scroll Shoppe.
 17254 | Orc:2    | Found Monotop's Distillery.
 17264 | Orc:2    | Found Kipsallu's Assorted Antiques.
 17278 | Orc:2    | Bought a potion of heal wounds for 75 gold pieces
 17947 | D:11     | Reached skill level 1 in Charms
 18177 | D:12     | Noticed Nergalle
 18185 | D:12     | Killed Nergalle
 18243 | D:12     | Noticed Maurice
 18258 | D:12     | Killed Maurice
 18635 | D:12     | Noticed a bone dragon
 18678 | D:12     | Killed a bone dragon
 18940 | D:13     | Found Otto Osu's Book Emporium.
 18940 | D:13     | Found Sis Guh's Armour Emporium.
 18942 | D:13     | Found Amaori's Armour Boutique.
 19009 | D:13     | Bought the +3 robe of Sealiv {rC+ Regen+} for 356 gold pieces
 19259 | D:13     | Reached skill level 5 in Spellcasting
 19347 | D:13     | Reached skill level 16 in Unarmed Combat
 19500 | D:13     | Found Gere Vestef's Book Shop.
 19637 | D:13     | Found Musm's Gadget Emporium.
 19794 | D:14     | Found an iron altar of Okawaru.
 19799 | D:14     | Noticed Josephine
 19825 | D:14     | Killed Josephine
 20207 | D:14     | Found a gate to the Vaults.
 20301 | D:14     | Reached XP level 16. HP: 144/161 MP: 23/23
 20537 | D:15     | Entered Level 15 of the Dungeon
 21042 | D:15     | Found a staircase to the Depths.
 21176 | D:15     | Found a glowing golden altar of the Shining One.
 21424 | Lair:1   | Learned a level 5 spell: Cigotuvi's Embrace
 21494 | Spider:1 | Entered Level 1 of the Spider Nest
 21541 | Spider:1 | Reached skill level 5 in Charms
 21876 | Spider:1 | Noticed poirepourri's ghost (adept SpEn)
 21886 | Spider:1 | Killed poirepourri's ghost
 22010 | Spider:1 | Reached skill level 17 in Unarmed Combat
 22186 | Spider:1 | Mangled by a jumping spider

Skill      XL: |  1  2  3  4  5  6  7  8  9 10 11 12 13 14 15 16 |
---------------+-------------------------------------------------+-----
Unarmed Combat | 1 2 5 7 9 10 11 12 14 15 16 17 | 17.0
Shields        | 2 3 5 6 7 8 9 |  9.2
Fighting       | 4 5 6 8 9 10 | 10.0
Dodging        | 3 5 6 |  6.0
Throwing       | 5 6 8 10 | 10.8
Spellcasting   | 3 5 6 |  6.1
Necromancy     | 4 5 6 |  6.0
Charms         | 4 5 |  5.0
Stealth        | |  0.3

Action                   |  1- 3 |  4- 6 |  7- 9 | 10-12 | 13-15 | 16-18 || total
-------------------------+-------+-------+-------+-------+-------+-------++-------
Melee: Unarmed           |    45 |   149 |   430 |   667 |  1216 |   233 ||  2740
       Short sword       |     4 |       |       |       |       |       ||     4
       Punch             |       |     1 |       |       |       |       ||     1
       Kick              |       |       |       |       |   417 |    84 ||   501
Throw: Large rock        |     1 |       |     6 |    18 |    38 |     4 ||    67
       Tomahawk          |       |       |     1 |     1 |       |     2 ||     4
       Throwing net      |       |       |     1 |       |     1 |       ||     2
 Cast: Animate Skeleton  |       |       |       |       |    28 |     9 ||    37
       Regeneration      |       |       |       |       |     9 |       ||     9
Invok: Sacrifice Artific |       |       |       |       |     1 |       ||     1
       Sacrifice Resista |       |       |       |       |     1 |       ||     1
       Reject Sacrifices |       |       |       |       |     1 |       ||     1
       Draw Out Power    |       |       |       |       |       |     1 ||     1
       Power Leap        |       |       |       |       |       |     1 ||     1
 Abil: Evoke Flight      |       |       |       |     7 |       |       ||     7
       Stop Flying       |       |       |       |     1 |       |       ||     1
Evoke: Wand              |       |       |       |     4 |     8 |       ||    12
  Use: Scroll            |       |       |    17 |     7 |     8 |     7 ||    39
       Potion            |       |       |     2 |     3 |     1 |     1 ||     7
 Stab: Sleeping          |       |     4 |     1 |     3 |     3 |     1 ||    12
       Distracted        |       |       |     1 |       |     7 |       ||     8
       Held in net/web   |       |       |     1 |       |       |       ||     1
       Invisible         |       |       |       |       |     2 |     1 ||     3
       Paralysed         |       |       |       |       |     2 |     1 ||     3
  Eat: Chunk             |     7 |    18 |    32 |    55 |    94 |    17 ||   223
Armor: Robe              |    24 |    39 |    65 |    92 |    79 |    56 ||   355
       Skin              |       |       |    50 |       |       |       ||    50
       Steam dragon scal |       |       |       |       |   134 |       ||   134
Dodge: Dodged            |    31 |    51 |   125 |   278 |   445 |   112 ||  1042
Block: Shield            |       |    34 |   242 |   309 |   479 |   116 ||  1180
